 Dungeon Crawl Stone Soup version 0.27.1-1-g398f81649c (webtiles) character file.

Game seed: 7570773625885979427

119 101zpm the Covered (level 5, -4/33 HPs)
             Began as a Gargoyle Fighter on Sept 19, 2021.
             Killed from afar by Natasha (6 damage)
             ... with a magic dart
             ... on level 3 of the Dungeon.
             The game lasted 00:02:53 (2147 turns).

101zpm the Covered (Gargoyle Fighter)               Turns: 2147, Time: 00:02:54

Health: -4/33      AC: 11    Str: 21    XL:     5   Next: 3%
Magic:  5/5        EV:  7    Int:  8    God:
Gold:   98         SH:  9    Dex:  9    Spells: 4/4 levels left

rFire    . . .     SeeInvis .   a - +0 flail
rCold    . . .     Faith    .   c - +0 kite shield
rNeg     + . .     Spirit   .   b - +0 scale mail
rPois    ∞         Reflect  .   (no helmet)
rElec    +         Harm     .   (no cloak)
rCorr    .         Rampage  .   (no gloves)
Will     .....                  (no boots)
Stlth    ..........             (no amulet)
HPRegen  0.11/turn              (no ring)
MPRegen  0.09/turn              (no ring)

@: slowed, very slow
A: sickness immunity, AC +4, negative energy resistance 1, electricity
resistance, torment resistance 1, petrification resistance
a: no special abilities


You were on level 3 of the Dungeon.
You visited 1 branch of the dungeon, and saw 4 of its levels.

You collected 98 gold pieces.

Inventory:

Hand Weapons
 a - a +0 flail (weapon)
Missiles
 j - 6 javelins (quivered)
 k - 22 sling bullets
 l - 50 stones
 m - 8 silver javelins
 o - 18 poisoned darts
Armour
 b - a +0 scale mail (worn)
 c - a +0 kite shield (worn)
Jewellery
 n - an amulet of the acrobat
Scrolls
 f - 4 scrolls of teleportation {unknown}
 g - 2 scrolls of identify {unknown}
Potions
 d - a potion of might
 e - 2 potions of haste
 h - 2 potions of degeneration {unknown}
 i - 2 potions of curing {unknown}


   Skills:
 + Level 3.9 Fighting
 + Level 3.2 Maces & Flails
 + Level 4.2 Armour
 + Level 0.4 Dodging
 + Level 4.0 Shields


You had 4 spell levels left.
You didn't know any spells.
Your spell library was empty.

Dungeon Overview and Level Annotations

Branches:
Dungeon (4/15)
 Temple: D:4-7

Altars:

Shops:
D:1 =   D:4 (

Annotations:
D:3 Natasha, Robin


Innate Abilities, Weirdness & Mutations

You are immune to sickness and miasma.
Your stone body is resilient. (AC +4)
You are immune to poison.
You resist negative energy. (rN+)
You are resistant to electric shocks. (rElec)
You are resistant to unholy torment.
You are immune to petrification.


Message History

Natasha is heavily wounded.
You block Natasha's attack. Natasha claws you but does no damage.
You block the white imp's attack. Natasha barely misses you.
The white imp hits you. The white imp freezes you. You block Natasha's attack.
You closely miss Natasha.
Natasha is heavily wounded.
Natasha claws you. Natasha claws you but does no damage.
The white imp barely misses you. You block Natasha's attack.
The white imp hits you but does no damage.
You are too injured to fight recklessly!
You are too injured to fight recklessly!
You are too injured to fight recklessly!
You are too injured to fight recklessly!
You are too injured to fight recklessly!
You are too injured to fight recklessly!
You are too injured to fight recklessly!
You are too injured to fight recklessly!
You are too injured to fight recklessly!
You are too injured to fight recklessly!
You are too injured to fight recklessly!
You are too injured to fight recklessly!
You are too injured to fight recklessly!
You are too injured to fight recklessly!
You are too injured to fight recklessly!
You are too injured to fight recklessly!
Natasha claws you. x2
* * * LOW HITPOINT WARNING * * *
You block the white imp's attack. Natasha casts a spell at you.
You feel as though you will be slow longer.
Natasha barely misses you. Natasha barely misses you.
The white imp gestures at you. The puff of frost hits you!
* * * LOW HITPOINT WARNING * * *
Natasha barely misses you. Natasha barely misses you.
Natasha stares at you and mumbles some strange words.
The magic dart hits you.
You die...

.# #. #.# .# ..##########..#
.# ...........#.# ###.####
.............# #......#
...........### #......#
...........# #......#
...........########......#
...........<....@h5......#
........÷.>########......#
#.##.#.##### ##......#
..##)#.# #.......# .###...#
#.......# ###...##
##.##.#### #....# #####
#..##.# #.#.##
###...###.###.#
#.#.####...#......##.#######


You could see Natasha (fast) and a white imp (summoned).

Vanquished Creatures
  Jessica (D:2)
  5 adders
  2 worms
  A dart slug (D:2)
  3 ball pythons
  2 bats
  2 endoplasms
  A giant cockroach (D:3)
  3 goblins
  6 hobgoblins
  2 quokkas
  6 frilled lizards
  A kobold (D:2)
  7 rats
42 creatures vanquished.

Vanquished Creatures (others)
  5 toadstools (D:1)
5 creatures vanquished.

Grand Total: 47 creatures vanquished

Notes
Turn   | Place    | Note
-------+----------+-------------------------------------------
     0 | D:1      | 101zpm the Gargoyle Fighter began the quest for the Orb.
     0 | D:1      | Reached XP level 1. HP: 14/14 MP: 1/1
   169 | D:1      | Reached XP level 2. HP: 15/19 MP: 2/2
   178 | D:1      | You fall into a shaft and drop 1 floor!
   333 | D:4      | Found Noos's Antique Weapon Boutique.
   334 | D:4      | Noticed an ogre
   426 | D:3      | Reached XP level 3. HP: 24/24 MP: 3/3
   455 | D:3      | Noticed Robin
   507 | D:2      | Noticed Jessica
   515 | D:2      | Killed Jessica
   566 | D:2      | Reached XP level 4. HP: 29/29 MP: 4/4
  1687 | D:1      | Found Wycvu's Jewellery Boutique.
  1900 | D:1      | Found a faded altar of an unknown god.
  2048 | D:3      | Reached XP level 5. HP: 29/33 MP: 5/5
  2134 | D:3      | Noticed Natasha
  2147 | D:3      | Killed from afar by Natasha

Illustrated notes

Levels and vault maps discovered:
D:1:      ldierk_walled_garden, layout_rooms, serial_shops,
          nicolae_shop_waterfront, shapermc_ecumenical_altar_petra
D:2:      layout_loops_cross, serial_rivers, chequers_serial_rivers_micro_e,
          chequers_serial_rivers_large_a, chequers_serial_rivers_room_b,
          chequers_serial_rivers_small_3, chequers_serial_rivers_room_b,
          uniq_jessica
D:3:      layout_rooms, nicolae_dithmenos_shadow_blocks, uniq_natasha,
          uniq_robin
D:4:      layout_basic, serial_shops, shop_statue, nicolae_stop_n_shop_2, shop,
          uniq_menkaure

Skill      XL: |  1  2  3  4  5 |
---------------+----------------+-----
Armour         | 4 |  4.2
Maces & Flails | 3 |  3.2
Shields        | 4 |  4.0
Fighting       | |  3.9
Dodging        | |  0.4

Action                   |  1- 3 |  4- 6 || total
-------------------------+-------+-------++-------
Melee: Flail             |    48 |   124 ||   172
Armor: Scale mail        |    29 |    66 ||    95
Dodge: Dodged            |    13 |    46 ||    59
Block: Kite shield       |    25 |    71 ||    96
